 Dungeon Crawl Stone Soup version 0.19-a0-1730-g4c49b04 (webtiles) character file.

79 Ihatecarrots00 the Conjurer (level 4, -1/24 HPs)
             Began as a Deep Elf Conjurer on Oct 14, 2016.
             Shot with an arrow by a centaur (16 damage)
             ... on level 3 of the Dungeon.
             The game lasted 00:05:37 (1390 turns).

Ihatecarrots00 the Conjurer (Deep Elf Conjurer)     Turns: 1390, Time: 00:05:37

Health: -1/24      AC:  3    Str:  5    XL:     4   Next: 16%
Magic:  2/11       EV: 13    Int: 20    God:
Gold:   92         SH:  0    Dex: 16    Spells: 2 memorised, 5 levels left

rFire  . . .     SeeInvis .     (no weapon)
rCold  . . .     Gourm    .     e - +0 robe
rNeg   . . .     Faith    .     (no shield)
rPois  .         Spirit   .     k - +1 hat
rElec  .         Dismiss  .     (no cloak)
rCorr  .         Reflect  .     (no gloves)
MR     .....     Harm     .     (no boots)
Stlth  +.........               (no amulet)
                                (no ring)
                                l - ring of loudness (curse)

@: no status effects
A: no striking features
a: no special abilities


You were on level 3 of the Dungeon.
You were not hungry.

You visited 1 branch of the dungeon, and saw 3 of its levels.

You collected 92 gold pieces.

Inventory:

Armour
 a - a +0 robe
 e - a +0 robe (worn)
 k - a +1 hat (worn)
Jewellery
 c - an uncursed ring of positive energy
 l - a cursed ring of loudness (left hand)
Scrolls
 f - a scroll of magic mapping
 i - a scroll of enchant weapon
Potions
 g - a potion of cure mutation
 j - a potion of flight {unknown}
Books
 b - a book of Conjurations

   Spells                             Type                      Level
   a - Magic Dart                     Conjuration                  1
   b - Searing Ray                    Conjuration                  2
   c - Dazzling Spray                 Conjuration/Hexes            3
   d - Fulminant Prism                Conjuration/Hexes            4
   e - Iskenderun's Mystic Blast      Conjuration                  4
   f - Iskenderun's Battlesphere      Conjuration/Charms           5


   Skills:
 + Level 2.8 Dodging
 + Level 2.8 Stealth
 + Level 0.2 Unarmed Combat
 + Level 3.5 Spellcasting
 + Level 5.6 Conjurations


You had 5 spell levels left.
You knew the following spells:

 Your Spells              Type           Power        Failure   Level  Hunger
a - Magic Dart            Conj           ####         1%          1    None
b - Iskenderun's Mystic   Conj           ####....     14%         4    ####...


Dungeon Overview and Level Annotations

Branches:
Dungeon (3/15)
 Temple: D:3-6         Lair: D:-1         Crypt: Vaults:-1     Tomb: Vaults:-1

Altars:


Message History

A centaur is nearby!
A centaur is nearby!
Casting: Magic Dart
Confirm with . or Enter, or press ? or * to list all spells.
Aiming: Magic Dart
Press: ? - help, Shift-Dir - straight line, f - centaur
Aim: a centaur The magic dart hits the centaur.
The centaur is moderately wounded.
The centaur wields a shortbow.
The centaur shoots an arrow.
The arrow hits you.
Casting: Magic Dart
Confirm with . or Enter, or press ? or * to list all spells.
Aiming: Magic Dart
Press: ? - help, Shift-Dir - straight line, f/p - centaur
Aim: a centaur, wielding a shortbow (moderately wounded)
The magic dart hits the centaur.
The centaur is moderately wounded.
The centaur shoots an arrow.
The arrow hits you!
Ouch! That really hurt!
You die...

######.#
########......##
#........####..#
#........# ##.#
##.......## #)#####
###...#.#.#######.....#
......................#
##.##................#
#...<......@......#
#...)#.#######.......#
#...####.# ..#.......
..# ... #....#.#.### #
##.## #.##.....# #.# #.
#.#.##. #.# .. .#.# ..#
.c #


You could see a centaur.

Vanquished Creatures
  An adder (D:2)
  A gnoll (D:1)
  3 dart slugs
  4 leopard geckos
  An orc (D:3)
  5 bats
  A giant cockroach (D:2)
  4 goblins (D:1)
  5 hobgoblins
  4 jackals (D:2)
  A quokka (D:2)
  A frilled lizard (D:1)
  10 kobolds
  8 rats
49 creatures vanquished.

Notes
Turn   | Place    | Note
-------+----------+-------------------------------------------
     0 | D:1      | Ihatecarrots00 the Deep Elf Conjurer began the quest for the Orb.
     0 | D:1      | Reached XP level 1. HP: 10/10 MP: 6/6
    63 | D:1      | Reached XP level 2. HP: 13/15 MP: 0/8
   105 | D:1      | Reached skill level 5 in Conjurations
   184 | D:1      | Reached XP level 3. HP: 15/19 MP: 0/9
  1039 | D:2      | Reached XP level 4. HP: 24/24 MP: 9/11
  1068 | D:2      | Learned a level 4 spell: Iskenderun's Mystic Blast
  1389 | D:3      | Noticed a centaur
  1390 | D:3      | Shot with an arrow by a centaur

Vault maps used:
D:1:      dpeg_arrival_connections, minmay_tromino_i2
D:2:      nicolae_overflow_hidden_temple, kennysheep_pointless_box,
          corner_web_ring, minmay_misc_feat_encased
D:3:      gammafunk_temple_overflow_pools, first_bread

Skill      XL: |  1  2 |
---------------+-------+-----
Conjurations   | 5 |  5.6
Dodging        | |  2.8
Stealth        | |  2.8
Unarmed Combat | |  0.2
Spellcasting   | |  3.5

Action                   |  1- 3 |  4- 6 || total
-------------------------+-------+-------++-------
Melee: Unarmed           |    28 |    21 ||    49
 Cast: Magic Dart        |    66 |    12 ||    78
       Iskenderun's Myst |       |     5 ||     5
  Use: Scroll            |     3 |     2 ||     5
       Potion            |     3 |       ||     3
Armor: Robe              |    19 |     3 ||    22
       Skin              |    11 |       ||    11
Dodge: Dodged            |    43 |    21 ||    64
